 Dungeon Crawl Stone Soup version 0.31.0-9-g3a7656b989 (webtiles) character file.

Game seed: 11006271001863140373

13 qw the Shooter (level 2, 0/16 HPs)
             Began as a Deep Elf Hunter on Feb 2, 2024.
             Succumbed to their own poison gas
             ... on level 1 of the Dungeon.
             The game lasted 00:00:01 (511 turns).

qw the Shooter (Deep Elf Hunter)                     Turns: 511, Time: 00:00:01

Health: 0/16       AC:  3    Str:  8    XL:     2   Next: 24%
Magic:  4/4        EV: 12    Int: 13    God:
Gold:   14         SH:  0    Dex: 18    Spells: 1/1 levels left

rFire   . . .        a - +0 shortbow
rCold   . . .        (shield currently unavailable)
rNeg    . . .        c - +0 leather armour
rPois   .            (no helmet)
rElec   .            (no cloak)
rCorr   .            (no gloves)
SInv    .            (no boots)
Will    .....        (no amulet)
Stlth   ++           f - +4 ring of slaying {mikee}
HPRegen 0.22/turn    (no ring)
MPRegen 0.09/turn

%: no passive effects
@: lethally poisoned (0 -> -3)
A: no striking features
a: no special abilities


You were on level 1 of the Dungeon.
You visited 1 branch of the dungeon, and saw 1 of its levels.

You collected 14 gold pieces.


   Skills:
 - Level 1.5 Fighting
 + Level 6.1 Ranged Weapons
 - Level 2.4 Dodging
 - Level 1.2 Stealth


You had one spell level left.
You didn't know any spells.
Your spell library was empty.

Inventory:

Hand Weapons
 a - a +0 shortbow (weapon)
Armour
 c - a +0 leather armour (worn)
Jewellery
 f - a +4 ring of slaying (left hand) {mikee}

Dungeon Overview and Level Annotations

Branches:
Dungeon (1/15)

Altars:


Message History

Done exploring.
501 ||| READING scroll labelled WYQYINE XUESS.
The air fills with toxic fumes!
As you read the scroll labelled WYQYINE XUESS, it crumbles to dust.
It was a scroll of poison.
Done exploring.
502 ||| READING scroll labelled FASCHI REAZOMMO.
As you read the scroll labelled FASCHI REAZOMMO, it crumbles to dust.
It is a scroll of identify.
502 ||| IDENTIFYING silvery potion;
h - a potion of ambrosia Done exploring.
503 ||| DROPPING scroll of butterflies.
You drop a scroll of butterflies.
Done exploring.
504 ||| DROPPING potion of ambrosia.
You drop a potion of ambrosia.
Done exploring.
What level of the Dungeon? (default 1, ? - help) Sorry, I don't know how to get there.
Enter note:
Enter note:
Enter note:
Enter note:
Enter note:
Enter note: You are engulfed in poison gas.
You are poisoned.
You feel very sick.
There is an open door here.
506 ||| Stepping ~*~*~tactically~*~*~ (cloud).
You feel very sick.
Things that are here:
a potion of ambrosia; a scroll of butterflies
There is a lethal amount of poison in your body!
You feel sick.
There is a lethal amount of poison in your body!
You feel sick.
There is a lethal amount of poison in your body!
You feel sick.
There is a lethal amount of poison in your body!
You feel sick.
There is a lethal amount of poison in your body!
You die...

#..##.##.# #.#
###.###..#.## ##.#
#...........###..#
##.#..777777...#.##
##....77¤.7%7.....#
#....77PP#####..###
#...7777P#.¤¤#..#
#..777PPP#¤¤¤70##
#..700.¤@0080¤¤#
#..7777PP#.0¤7¤#
#...7770P#.¤0#.#
#.#..777¤#####.#
#.##..777.7%7..#
#.###..777777.##
#..^.#.)......#
####........###
##########


There were no monsters in sight!

Vanquished Creatures
  2 endoplasms (D:1)
  A giant cockroach (D:1)
  A goblin (D:1)
  3 hobgoblins (D:1)
  2 bats (D:1)
  2 frilled lizards (D:1)
  A kobold (D:1)
12 creatures vanquished.

Notes
Turn   | Place    | Note
-------+----------+-------------------------------------------
     0 | D:1      | qw the Deep Elf Hunter began the quest for the Orb.
     0 | D:1      | Reached XP level 1. HP: 12/12 MP: 3/3
     0 | D:1      | 0 ||| qw: Version: 0.3-a-155-g5e7d8dd
     0 | D:1      | 0 ||| qw: Game counter: 2089
     0 | D:1      | 0 ||| qw: Melee chars always use a shield: true
     0 | D:1      | 0 ||| qw: God list: Okawaru
     0 | D:1      | 0 ||| qw: Allow faded altars: false
     0 | D:1      | 0 ||| qw: Do Orc after clearing Dungeon:15 true
     0 | D:1      | 0 ||| qw: Do second Lair branch before Depths: true
     0 | D:1      | 0 ||| qw: Lair rune preference: random
     0 | D:1      | 0 ||| qw: Goals: Normal
     0 | D:1      | 0 ||| PLANNING D:1-11
    96 | D:1      | Found a faded altar of an unknown god.
   182 | D:1      | Reached XP level 2. HP: 10/16 MP: 4/4
   184 | D:1      | Reached skill level 6 in Ranged Weapons
   499 | D:1      | 499 ||| UPGRADING to +4 ring of slaying {mikee}.
   500 | D:1      | 500 ||| READING scroll labelled FOETZO POWAEHY.
   500 | D:1      | 500 ||| ENCHANTING +0 shortbow.
   501 | D:1      | 501 ||| READING scroll labelled WYQYINE XUESS.
   502 | D:1      | 502 ||| READING scroll labelled FASCHI REAZOMMO.
   502 | D:1      | 502 ||| IDENTIFYING silvery potion
   503 | D:1      | 503 ||| DROPPING scroll of butterflies.
   504 | D:1      | 504 ||| DROPPING potion of ambrosia.
   506 | D:1      | 506 ||| Stepping ~*~*~tactically~*~*~ (cloud).
   507 | D:1      | HP: 4/16 [poisoned by you (poison gas)]
   509 | D:1      | HP: 1/16 [poisoned by you (poison gas)]
   511 | D:1      | Succumbed to their own poison gas

Levels and vault maps discovered:
D:1:      tarquinn_simple_flora_water_b, layout_basic,
          dilly_ecumenical_altar_fadedgnrine, hangedman_decor_push

Skill      XL: |  1  2 |
---------------+-------+-----
Ranged Weapons | 6 |  6.1
Fighting       | |  1.5
Dodging        | |  2.4
Stealth        | |  1.2

Action                     || total
---------------------------++-------
   Fire: Shortbow          ||    27
    Use: Scroll            ||     3
 Armour: Leather armour    ||     5
  Dodge: Dodged            ||     4

Table legend:
 A = Non-vault XP
 B = Vault XP
 C = Vault XP percentage of total XP
 D = Non-vault monster count
 E = Vault monster count
 F = Vault count percentage of total count
                 A         B        C        D         E       F
            +---------+---------+-------+---------+---------+-------
      Total |      19 |       0 |   0.0 |      12 |       0 |   0.0
            +---------+---------+-------+---------+---------+-------
        D:1 |      19 |       0 |   0.0 |      12 |       0 |   0.0
            +---------+---------+-------+---------+---------+-------
